SAA
DURHAM RAPIERS @ GLENDALE HERONS
07/29/2021
 
TOP OF THE 1ST
Durham Rapiers batting - Pitching for Glendale Herons : RHP Alex Simmons
Pitching: RHP Alex Simmons
Batting: RHB Esteban Garza 0-0: Ball
1-0: Swinging Strike
1-1: Ball
2-1: Foul Ball, location: 2F
2-2: Strikes out swinging
Batting: RHB Harrison Blackford 0-0: Foul Ball, location: 2F
0-1: SINGLE (Flyball, 78S)
Batting: RHB Luis Tapia 0-0: Ball
1-0: Foul Ball, location: 2F
1-1: Fly out, F7 (Flyball, 78M)
Batting: SHB Dan Godwin Pickoff Throw to First - Out!
Top of the 1st over - 0 run(s), 1 hit(s), 0 error(s), 0 left on base; Durham 0 - Glendale 0
BOTTOM OF THE 1ST
Glendale Herons batting - Pitching for Durham Rapiers : RHP Juan Díaz
Pitching: RHP Juan Díaz
Batting: RHB José Villegas 0-0: SINGLE (Groundball, 56D)
Batting: LHB José Rodríguez 0-0: Ball
1-0: Called Strike
1-1: Foul Ball, location: 2F
1-2: Foul Ball, location: 2F
1-2: SINGLE (Groundball, 4M)
José Villegas to second
Runner from 2nd tries for 3rd, SAFE, no throw or cutoff
Batting: RHB Sake van Arem 0-0: Fly out, F9 (Flyball, 9LM)
Runner from 3rd tags up, SCORES, no throw
Batting: LHB Sixto Álvarez 0-0: Called Strike
0-1: Foul Ball, location: 2F
0-2: Ball
1-2: Ball
2-2: Ball
3-2: Foul Ball, location: 2F
3-2: Base on Balls
José Rodríguez to second
Batting: RHB Héctor Moreno 0-0: Ball
1-0: Ball
2-0: Fly out, F3 (Popup, 23F)
Batting: RHB José Masaferro 0-0: Foul Ball, location: 2F
0-1: Ball
1-1: Ball
2-1: Fly out, F6 (Popup, 6D)
Bottom of the 1st over - 1 run(s), 2 hit(s), 0 error(s), 2 left on base; Durham 0 - Glendale 1
TOP OF THE 2ND
Durham Rapiers batting - Pitching for Glendale Herons : RHP Alex Simmons
Batting: SHB Dan Godwin 0-0: Ball
1-0: Ball
2-0: Called Strike
2-1: Ball
3-1: Fly out, F3 (Line Drive, 3)
Batting: RHB Caleb Lee 0-0: Called Strike
0-1: DOUBLE (Groundball, 5L)
Batting: LHB Adrián Franco 0-0: SINGLE (Groundball, 34)
Caleb Lee to third
Runner from 3rd tries for Home, SAFE, no throw or cutoff
Batting: RHB Augusto Flores 0-0: Ball
1-0: Foul Ball, location: 2F
1-1: Fly out, F3 (Popup, 3F)
Batting: SHB Orlando López 0-0: Foul Ball, location: 2F
0-1: Ball
1-1: Swinging Strike
1-2: Ball
2-2: Strikes out swinging
Top of the 2nd over - 1 run(s), 2 hit(s), 0 error(s), 1 left on base; Durham 1 - Glendale 1
BOTTOM OF THE 2ND
Glendale Herons batting - Pitching for Durham Rapiers : RHP Juan Díaz
Batting: RHB Ángel Ruezga 0-0: Ball
1-0: Swinging Strike
1-1: Ball
2-1: Ball
3-1: Base on Balls
Batting: SHB Wilbert Carter 0-0: Ball
1-0: Called Strike
1-1: Swinging Strike
1-2: Foul Ball, location: 2F
1-2: Ball
2-2: Ball
3-2: Base on Balls
Ángel Ruezga to second
Batting: LHB Travis Alexander 0-0: Ball
1-0: Ball
2-0: Called Strike
2-1: Fly out, F7 (Flyball, 7M)
Batting: RHB José Villegas 0-0: Ball
1-0: Grounds into double play, U5-3 (Groundball, 5L)
Bottom of the 2nd over - 0 run(s), 0 hit(s), 0 error(s), 1 left on base; Durham 1 - Glendale 1
TOP OF THE 3RD
Durham Rapiers batting - Pitching for Glendale Herons : RHP Alex Simmons
Batting: LHB Evan Nelson 0-0: Ball
1-0: Ball
2-0: Called Strike
2-1: Swinging Strike
2-2: Strikes out swinging
Batting: RHB Esteban Garza 0-0: Foul Ball, location: 2F
0-1: Swinging Strike
0-2: Foul Ball, location: 2F
0-2: Fly out, F8 (Flyball, 89D)
Batting: RHB Harrison Blackford 0-0: Ball
1-0: Called Strike
1-1: Foul Ball, location: 2F
1-2: Foul Ball, location: 2F
1-2: Ball
2-2: Ball
3-2: Strikes out looking
Top of the 3rd over - 0 run(s), 0 hit(s), 0 error(s), 0 left on base; Durham 1 - Glendale 1
BOTTOM OF THE 3RD
Glendale Herons batting - Pitching for Durham Rapiers : RHP Juan Díaz
Batting: LHB José Rodríguez 0-0: Foul Ball, location: 2F
0-1: Ball
1-1: Called Strike
1-2: DOUBLE (Line Drive, 6)
Batting: RHB Sake van Arem 0-0: Foul Ball, location: 2F
0-1: Ball
1-1: Foul Ball, location: 2F
1-2: Ground out 5-3 (Groundball, 56S)
José Rodríguez to third
Batting: LHB Sixto Álvarez 0-0: Foul Ball, location: 2F
0-1: Foul Ball, location: 2F
0-2: Ball
1-2: Foul Ball, location: 2F
1-2: SINGLE (Line Drive, 4MD)
José Rodríguez scores
Batting: RHB Héctor Moreno 0-0: Ball
1-0: Fly out, F6 (Popup, 5DF)
Batting: RHB José Masaferro 0-0: Ball
1-0: Called Strike
1-1: Fly out, F4 (Line Drive, 4M)
Bottom of the 3rd over - 1 run(s), 2 hit(s), 0 error(s), 1 left on base; Durham 1 - Glendale 2
TOP OF THE 4TH
Durham Rapiers batting - Pitching for Glendale Herons : RHP Alex Simmons
Batting: RHB Luis Tapia 0-0: Ball
1-0: Ball
2-0: Fly out, F8 (Flyball, 8LM)
Batting: SHB Dan Godwin 0-0: Ground out 4-3 (Groundball, 4)
Batting: RHB Caleb Lee 0-0: Called Strike
0-1: Ball
1-1: SINGLE (Groundball, 34D)
Batting: LHB Adrián Franco 0-0: Ball
1-0: Swinging Strike
1-1: Ball
2-1: Foul Ball, location: 2F
2-2: Fly out, F9 (Flyball, 9M)
Top of the 4th over - 0 run(s), 1 hit(s), 0 error(s), 1 left on base; Durham 1 - Glendale 2
BOTTOM OF THE 4TH
Glendale Herons batting - Pitching for Durham Rapiers : RHP Juan Díaz
Batting: RHB Ángel Ruezga 0-0: Swinging Strike
0-1: SOLO HOME RUN (Flyball, 9LD), Distance : 361 ft
Batting: SHB Wilbert Carter 0-0: Fly out, F4 (Popup, 8RS)
Batting: LHB Travis Alexander 0-0: DOUBLE (Line Drive, 7LD)
Batting: RHB José Villegas 0-0: Ball
1-0: Ball
2-0: Called Strike
2-1: Foul Ball, location: 2F
2-2: SINGLE (Groundball, 6)
Travis Alexander to third
Runner from 3rd tries for Home, SAFE, throw made home
José Villegas to second
Batting: LHB José Rodríguez 0-0: Ball
1-0: Ball
2-0: Ground out 1-3 (Groundball, 13)
José Villegas to third
Batting: RHB Sake van Arem 0-0: Ball
1-0: Ball
2-0: Ball
3-0: Called Strike
3-1: Ground out 6-3 (Groundball, 6M)
Bottom of the 4th over - 2 run(s), 3 hit(s), 0 error(s), 1 left on base; Durham 1 - Glendale 4
TOP OF THE 5TH
Durham Rapiers batting - Pitching for Glendale Herons : RHP Alex Simmons
Batting: RHB Augusto Flores 0-0: Called Strike
0-1: Ball
1-1: Foul Ball, location: 2F
1-2: Foul Ball, location: 2F
1-2: Ground out 5-3 (Groundball, 5)
Batting: SHB Orlando López 0-0: Ball
1-0: Ball
2-0: Ball
3-0: Called Strike
3-1: Base on Balls
Batting: LHB Evan Nelson 0-0: Ball
1-0: Ball
2-0: Fly out, F8 (Line Drive, 8LM)
Batting: RHB Esteban Garza 0-0: Ball
1-0: Ball
2-0: Ball
3-0: Called Strike
3-1: Reached on Error, E4 (Line Drive, 4)
Orlando López to second
Batting: RHB Harrison Blackford 0-0: Swinging Strike
0-1: SINGLE (Line Drive, 9LS)
Orlando López to third
Esteban Garza to second
Runner from 3rd tries for Home, SAFE, no throw or cutoff
Batting: RHB Luis Tapia 0-0: Ball
1-0: Called Strike
1-1: Foul Ball, location: 2F
1-2: Foul Ball, location: 2F
1-2: Ball
2-2: Ball
3-2: Strikes out looking
Top of the 5th over - 1 run(s), 1 hit(s), 1 error(s), 2 left on base; Durham 2 - Glendale 4
BOTTOM OF THE 5TH
Glendale Herons batting - Pitching for Durham Rapiers : RHP Juan Díaz
Batting: LHB Sixto Álvarez 0-0: Called Strike
0-1: Foul Ball, location: 2F
0-2: DOUBLE (Line Drive, 5D)
Batting: RHB Héctor Moreno 0-0: Swinging Strike
0-1: Called Strike
0-2: Strikes out looking
Batting: RHB José Masaferro 0-0: Foul Ball, location: 2F
0-1: Ball
1-1: Swinging Strike
1-2: Ball
2-2: Foul Ball, location: 2F
2-2: Ball
3-2: Strikes out looking
Batting: RHB Ángel Ruezga 0-0: Ball
1-0: Ball
2-0: Ball
3-0: Called Strike
3-1: Base on Balls
Batting: SHB Wilbert Carter 0-0: SINGLE (Line Drive, 34)
Sixto Álvarez to third
Ángel Ruezga to second
Batting: LHB Travis Alexander 0-0: Ball
1-0: Ball
2-0: Ball
3-0: Called Strike
3-1: Base on Balls
Sixto Álvarez scores
Ángel Ruezga to third
Wilbert Carter to second
Pitching: RHP Timothy Jackson
Batting: RHB José Villegas 0-0: Ball
1-0: Ball
2-0: Ball
3-0: Called Strike
3-1: Foul Ball, location: 2F
3-2: Strikes out swinging
Bottom of the 5th over - 1 run(s), 2 hit(s), 0 error(s), 3 left on base; Durham 2 - Glendale 5
TOP OF THE 6TH
Durham Rapiers batting - Pitching for Glendale Herons : RHP Alex Simmons
Batting: SHB Dan Godwin 0-0: Ball
1-0: SINGLE (Flyball, 7LS)
Batting: RHB Caleb Lee 0-0: Called Strike
0-1: Called Strike
0-2: Ball
1-2: SINGLE (Groundball, 34D)
Dan Godwin to second
Runner from 2nd tries for 3rd, SAFE, throw made to third
Caleb Lee to second
Batting: LHB Adrián Franco 0-0: Called Strike
0-1: Ball
1-1: Ball
2-1: Foul Ball, location: 2F
2-2: Strikes out swinging
Batting: RHB Augusto Flores 0-0: Swinging Strike
0-1: Ball
1-1: Ball
2-1: Ball
3-1: Foul Ball, location: 2F
3-2: Strikes out swinging
Batting: SHB Orlando López 0-0: Foul Ball, location: 2F
0-1: Ball
1-1: Ball
2-1: Fly out, F8 (Flyball, 8LM)
Top of the 6th over - 0 run(s), 2 hit(s), 0 error(s), 2 left on base; Durham 2 - Glendale 5
BOTTOM OF THE 6TH
Glendale Herons batting - Pitching for Durham Rapiers : RHP Timothy Jackson
Batting: LHB José Rodríguez 0-0: Called Strike
0-1: Ball
1-1: Ball
2-1: Reached on Error, E9 (Popup, 9M)
Batting: RHB Sake van Arem 0-0: Called Strike
0-1: Ball
1-1: Swinging Strike
1-2: Ball
2-2: Fly out, F7 (Flyball, 78S)
Batting: LHB Sixto Álvarez 0-0: Called Strike
0-1: Fly out, F8 (Line Drive, 8LS)
Batting: RHB Héctor Moreno 0-0: Called Strike
José Rodríguez steals 2nd base
0-1: Called Strike
0-2: Ball
1-2: 2-RUN HOME RUN (Flyball, 7D), Distance : 380 ft
Batting: RHB José Masaferro 0-0: Called Strike
0-1: Fly out, F8 (Flyball, 8RS)
Bottom of the 6th over - 2 run(s), 1 hit(s), 1 error(s), 0 left on base; Durham 2 - Glendale 7
TOP OF THE 7TH
Durham Rapiers batting - Pitching for Glendale Herons : RHP Alex Simmons
Batting: LHB Evan Nelson 0-0: Called Strike
0-1: Ball
1-1: Ball
2-1: Fly out, F5 (Popup, 5SF)
Batting: RHB Esteban Garza 0-0: Foul Ball, location: 2F
0-1: Ball
1-1: Ball
2-1: SINGLE (Groundball, 6MD)
Batting: RHB Harrison Blackford 0-0: Fly out, F9 (Flyball, 9LS)
Batting: RHB Luis Tapia 0-0: Called Strike
0-1: Called Strike
Esteban Garza steals 2nd base
0-2: Strikes out swinging
Top of the 7th over - 0 run(s), 1 hit(s), 0 error(s), 1 left on base; Durham 2 - Glendale 7
BOTTOM OF THE 7TH
Glendale Herons batting - Pitching for Durham Rapiers : RHP Timothy Jackson
Batting: RHB Ángel Ruezga 0-0: Swinging Strike
0-1: Ball
1-1: Swinging Strike
1-2: Ball
2-2: Ball
3-2: SINGLE (Groundball, 56D)
Batting: SHB Wilbert Carter 0-0: Bunted foul
0-1: Bunted foul
0-2: Ball
1-2: Fly out, F9 (Popup, 9S)
Batting: LHB Travis Alexander 0-0: Ball
1-0: Foul Ball, location: 2F
1-1: Called Strike
1-2: Strikes out swinging
Batting: RHB José Villegas 0-0: Ball
1-0: SINGLE (Groundball, 56D)
Ángel Ruezga to second
Batting: LHB José Rodríguez 0-0: Fly out, F7 (Flyball, 7LM)
Bottom of the 7th over - 0 run(s), 2 hit(s), 0 error(s), 2 left on base; Durham 2 - Glendale 7
TOP OF THE 8TH
Durham Rapiers batting - Pitching for Glendale Herons : RHP Alex Simmons
Batting: SHB Dan Godwin 0-0: Fly out, F9 (Line Drive, 9M)
Batting: RHB Caleb Lee 0-0: Ball
1-0: Called Strike
1-1: Foul Ball, location: 2F
1-2: Strikes out looking
Batting: LHB Adrián Franco 0-0: Called Strike
0-1: Foul Ball, location: 2F
0-2: Strikes out swinging
Top of the 8th over - 0 run(s), 0 hit(s), 0 error(s), 0 left on base; Durham 2 - Glendale 7
BOTTOM OF THE 8TH
Glendale Herons batting - Pitching for Durham Rapiers : RHP Timothy Jackson
Batting: RHB Sake van Arem 0-0: Called Strike
0-1: Swinging Strike
0-2: Reached on error, E3 (Groundball, 3L)
Batting: LHB Sixto Álvarez 0-0: Ball
1-0: Called Strike
1-1: Foul Ball, location: 2F
1-2: SINGLE (Groundball, 6MD)
Sake van Arem to second
Pitching: LHP Ben Flowers
Batting: RHB Héctor Moreno 0-0: Ball
1-0: Ball
2-0: Ball
3-0: Called Strike
3-1: Called Strike
3-2: Grounds into double play, U4-3 (Groundball, 4M)
Sake van Arem to third
Batting: RHB José Masaferro 0-0: Foul Ball, location: 2F
0-1: Foul Ball, location: 2F
0-2: Ball
1-2: Ball
2-2: Ball
3-2: Base on Balls
Batting: RHB Ángel Ruezga 0-0: Ball
1-0: Ball
2-0: Called Strike
2-1: Foul Ball, location: 2F
2-2: SINGLE (Groundball, 5D)
Sake van Arem scores
José Masaferro to second
Batting: SHB Wilbert Carter 0-0: Foul Ball, location: 2F
0-1: Swinging Strike
0-2: Ball
1-2: Strikes out swinging
Bottom of the 8th over - 1 run(s), 2 hit(s), 1 error(s), 2 left on base; Durham 2 - Glendale 8
TOP OF THE 9TH
Durham Rapiers batting - Pitching for Glendale Herons : RHP Alex Simmons
Batting: RHB Augusto Flores 0-0: Called Strike
0-1: Foul Ball, location: 2F
0-2: Ball
1-2: Ground out 6-3 (Groundball, 6M)
Batting: SHB Orlando López 0-0: Ball
1-0: Called Strike
1-1: SINGLE (Flyball, 7LS)
Pitching: LHP Doug Robinson
Batting: LHB Evan Nelson 0-0: Foul Ball, location: 2F
0-1: SINGLE (Groundball, 4MD)
Orlando López to second
Runner from 2nd tries for 3rd, SAFE, throw made to third
Batting: RHB Esteban Garza 0-0: Foul Ball, location: 2F
0-1: Ball
1-1: Ball
2-1: Ball
3-1: Base on Balls
Evan Nelson to second
Batting: RHB Harrison Blackford 0-0: Ball
1-0: Ball
2-0: Ball
3-0: Base on Balls
Orlando López scores
Evan Nelson to third
Esteban Garza to second
Pitching: RHP Alfredo Martínez
Batting: RHB Luis Tapia 0-0: Ball
1-0: Ball
2-0: Foul Ball, location: 2F
2-1: Ball
3-1: SINGLE (Line Drive, 7S)
Evan Nelson scores
Esteban Garza to third
Harrison Blackford to second
Runner from 3rd tries for Home, SAFE, throw made at trailing runner, SAFE at third!
Batting: SHB Dan Godwin 0-0: Ball
1-0: Fly out, F8 (Line Drive, 8RM)
Runner from 3rd tags up, SCORES, throw made
Pinch Hitting: LHB Mayer Röhricht 0-0: Called Strike
0-1: Ball
1-1: SINGLE (Groundball, 5D)
Luis Tapia to second
Batting: LHB Adrián Franco 0-0: Called Strike
0-1: SINGLE (Groundball, 34D) - runner OUT being hit by batted ball.
Top of the 9th over - 4 run(s), 5 hit(s), 0 error(s), 2 left on base; Durham 6 - Glendale 8
This league is powered by Out of the Park Baseball, the baseball management simulation game for PC, Mac and Linux
Friday, January 22nd, 2016 - OOTP Baseball 16.9 Build 39